MLB
MINNESOTA TWINS @ DETROIT TIGERS
08/27/2044
 
TOP OF THE 1ST
Minnesota Twins batting - Pitching for Detroit Tigers : LHP Momosuke Sato
Pitching: LHP Momosuke Sato
Batting: RHB Jesse Scott 0-0: Swinging Strike
0-1: Called Strike
0-2: Ball
1-2: Strikes out swinging
Batting: RHB Yonetoshi Muranaka 0-0: Called Strike
0-1: Called Strike
0-2: Foul Ball, location: 2F
0-2: Fly out, F9 (Flyball, 89D, EV 98.8 MPH)
Batting: LHB Joel Kunkler 0-0: Foul Ball, location: 2F
0-1: Swinging Strike
0-2: Strikes out looking
Top of the 1st over - 0 runs, 0 hits, 0 errors, 0 left on base; Minnesota 0 - Detroit 0
BOTTOM OF THE 1ST
Detroit Tigers batting - Pitching for Minnesota Twins : RHP Jesus Fernandez
Pitching: RHP Jesus Fernandez
Batting: RHB Greg Harman 0-0: Ball
1-0: Ball
2-0: Foul Ball, location: 2F
2-1: Ball
3-1: Foul Ball, location: 2F
3-2: Base on Balls
Batting: LHB Jordan Villa 0-0: Ball
1-0: SINGLE (Groundball, 6MD, EV 103.1 MPH)
Greg Harman to second
Batting: RHB Randy Shrewsbury 0-0: Foul Ball, location: 2F
0-1: Grounds into double play, 6-4-3 (Groundball, 56, EV 103.1 MPH)
Greg Harman to third
Batting: LHB Tyler Davis 0-0: Ball
1-0: Called Strike
1-1: Foul Ball, location: 2F
1-2: Ball
2-2: SINGLE (Groundball, 34D, EV 108.8 MPH)
Greg Harman scores
Batting: RHB Ryan Neal 0-0: Called Strike
0-1: Ball
1-1: Swinging Strike
1-2: Ball
2-2: TRIPLE (Groundball, 5L, EV 108.8 MPH)
Tyler Davis scores
Batting: RHB Victor Quinones 0-0: Ground out 6-3 (Groundball, 6, EV 91.3 MPH)
Bottom of the 1st over - 2 runs, 3 hits, 0 errors, 1 left on base; Minnesota 0 - Detroit 2
TOP OF THE 2ND
Minnesota Twins batting - Pitching for Detroit Tigers : LHP Momosuke Sato
Batting: RHB Jesus Chavez 0-0: Called Strike
0-1: SINGLE (Groundball, 4D, EV 101.3 MPH)
Batting: RHB Matthew Starr 0-0: Ball
1-0: Ball
2-0: Ball
3-0: Called Strike
3-1: Hit by Pitch
Jesus Chavez to second
Batting: LHB Sadamu Noguchi 0-0: Foul Ball, location: 2F
0-1: Ball
1-1: Bunt - Flyout to 2L - DP at third! 2-6
Batting: RHB José Molina 0-0: Swinging Strike
0-1: Called Strike
0-2: Ball
1-2: Fly out, F7 (Flyball, 78S, EV 83.8 MPH)
Top of the 2nd over - 0 runs, 1 hit, 0 errors, 1 left on base; Minnesota 0 - Detroit 2
BOTTOM OF THE 2ND
Detroit Tigers batting - Pitching for Minnesota Twins : RHP Jesus Fernandez
Batting: RHB Luke Feeney 0-0: Fly out, F3 (Popup, 3F, EV 61.9 MPH)
Batting: LHB Brad Turner 0-0: Ball
1-0: Foul Ball, location: 2F
1-1: Foul Ball, location: 2F
1-2: Ball
2-2: Ball
3-2: Base on Balls
Batting: RHB Adrian Novakovic 0-0: Ball
1-0: Ball
2-0: Ball
3-0: Base on Balls
Brad Turner to second
Batting: RHB Greg Harman 0-0: Ball
1-0: Called Strike
1-1: 3-RUN HOME RUN (Flyball, 7D, EV 103.8 MPH), Distance : 391 ft
Batting: LHB Jordan Villa 0-0: Called Strike
0-1: Ball
1-1: Swinging Strike
1-2: Ball
2-2: Ball
3-2: Ground out 6-3 (Groundball, 4, EV 83.8 MPH)
Batting: RHB Randy Shrewsbury 0-0: Ball
1-0: Ball
2-0: Ground out U3 (Groundball, 34, EV 100.6 MPH)
Bottom of the 2nd over - 3 runs, 1 hit, 0 errors, 0 left on base; Minnesota 0 - Detroit 5
TOP OF THE 3RD
Minnesota Twins batting - Pitching for Detroit Tigers : LHP Momosuke Sato
Batting: RHB Väinö Tapaninen 0-0: Ball
1-0: Called Strike
1-1: SINGLE (Flyball, 34D, EV 84.4 MPH)
Batting: RHB Josh Zoglmann 0-0: Ball
1-0: Fly out, F7 (Line Drive, 7, EV 92.5 MPH)
Batting: RHB Jesse Scott 0-0: Ball
1-0: Ball
2-0: Ball
3-0: Called Strike
3-1: Foul Ball, location: 2F
3-2: Base on Balls
Väinö Tapaninen to second
Batting: RHB Yonetoshi Muranaka 0-0: Called Strike
0-1: Fly out, F9 (Flyball, 9LM, EV 87.5 MPH)
Batting: LHB Joel Kunkler 0-0: Swinging Strike
0-1: Fly out, F7 (Flyball, 7D, EV 105.6 MPH)
Top of the 3rd over - 0 runs, 1 hit, 0 errors, 2 left on base; Minnesota 0 - Detroit 5
BOTTOM OF THE 3RD
Detroit Tigers batting - Pitching for Minnesota Twins : RHP Jesus Fernandez
Batting: LHB Tyler Davis 0-0: Called Strike
0-1: Foul Ball, location: 2F
0-2: DOUBLE (Line Drive, 5D, EV 98.1 MPH)
Batting: RHB Ryan Neal 0-0: Ball
1-0: Fly out, F8 (Flyball, 8LM, EV 90.0 MPH)
Batting: RHB Victor Quinones 0-0: Swinging Strike
0-1: Ground out 4-3 (Groundball, 4, EV 100.6 MPH)
Tyler Davis to third
Batting: RHB Luke Feeney 0-0: Ball
1-0: Foul Ball, location: 2F
1-1: Ball
2-1: Called Strike
2-2: Ball
3-2: Base on Balls
Batting: LHB Brad Turner 0-0: Foul Ball, location: 2F
0-1: Fly out, F8 (Flyball, 78M, EV 84.4 MPH)
Bottom of the 3rd over - 0 runs, 1 hit, 0 errors, 2 left on base; Minnesota 0 - Detroit 5
TOP OF THE 4TH
Minnesota Twins batting - Pitching for Detroit Tigers : LHP Momosuke Sato
Batting: RHB Jesus Chavez 0-0: Called Strike
0-1: Ball
1-1: Foul Ball, location: 2F
1-2: Strikes out swinging
Batting: RHB Matthew Starr 0-0: Foul Ball, location: 2F
0-1: Swinging Strike
0-2: Strikes out swinging
Batting: LHB Sadamu Noguchi 0-0: SINGLE (Line Drive, 8RS, EV 112.5 MPH)
Batting: RHB José Molina 0-0: Ball
1-0: Called Strike
Sadamu Noguchi steals 2nd base (no throw)
1-1: Called Strike
1-2: Strikes out looking
Top of the 4th over - 0 runs, 1 hit, 0 errors, 1 left on base; Minnesota 0 - Detroit 5
BOTTOM OF THE 4TH
Detroit Tigers batting - Pitching for Minnesota Twins : RHP Jesus Fernandez
Batting: RHB Adrian Novakovic 0-0: Ball
1-0: Ball
2-0: Called Strike
2-1: Called Strike
2-2: Strikes out swinging
Batting: RHB Greg Harman 0-0: Ground out 6-3 (Groundball, 6, EV 91.3 MPH)
Batting: LHB Jordan Villa 0-0: Called Strike
0-1: Ball
1-1: Foul Ball, location: 2F
1-2: SINGLE (Line Drive, 78S, EV 94.4 MPH)
Pitching: RHP Riley Pooley
Batting: RHB Randy Shrewsbury 0-0: Ball
1-0: Swinging Strike
1-1: Ball
2-1: Called Strike
Jordan Villa steals 2nd base (no throw)
2-2: Ground out 1-3 (Groundball, 15S, EV 64.4 MPH)
Bottom of the 4th over - 0 runs, 1 hit, 0 errors, 1 left on base; Minnesota 0 - Detroit 5
TOP OF THE 5TH
Minnesota Twins batting - Pitching for Detroit Tigers : LHP Momosuke Sato
Batting: RHB Väinö Tapaninen 0-0: Ball
1-0: Ball
2-0: Swinging Strike
2-1: Foul Ball, location: 2F
2-2: Ground out 5-3 (Groundball, 56, EV 83.8 MPH)
Batting: RHB Josh Zoglmann 0-0: Called Strike
0-1: Ball
1-1: Called Strike
1-2: Fly out, F8 (Flyball, 8RS, EV 90.0 MPH)
Batting: RHB Jesse Scott 0-0: Fly out, F8 (Flyball, 8LXD, EV 78.8 MPH)
Top of the 5th over - 0 runs, 0 hits, 0 errors, 0 left on base; Minnesota 0 - Detroit 5
BOTTOM OF THE 5TH
Detroit Tigers batting - Pitching for Minnesota Twins : RHP Riley Pooley
Batting: LHB Tyler Davis 0-0: Ball
1-0: Ball
2-0: SINGLE (Groundball, 4, EV 88.8 MPH) (infield hit)
Batting: RHB Ryan Neal 0-0: Ball
1-0: Fly out, F8 (Flyball, 78D, EV 86.9 MPH)
Batting: RHB Victor Quinones 0-0: Called Strike
0-1: Ball
1-1: Fly out, F3 (Popup, 34S, EV 73.8 MPH)
Batting: RHB Luke Feeney 0-0: Ball
1-0: Fly out, F9 (Line Drive, 9, EV 92.5 MPH)
Bottom of the 5th over - 0 runs, 1 hit, 0 errors, 1 left on base; Minnesota 0 - Detroit 5
TOP OF THE 6TH
Minnesota Twins batting - Pitching for Detroit Tigers : LHP Momosuke Sato
Batting: RHB Yonetoshi Muranaka 0-0: Ball
1-0: Fly out, F7 (Flyball, 78M, EV 84.4 MPH)
Batting: LHB Joel Kunkler 0-0: Called Strike
0-1: Ball
1-1: Fly out, F8 (Flyball, 8RD, EV 95.6 MPH)
Batting: RHB Jesus Chavez 0-0: Foul Ball, location: 2F
0-1: Foul Ball, location: 2F
0-2: Strikes out swinging
Top of the 6th over - 0 runs, 0 hits, 0 errors, 0 left on base; Minnesota 0 - Detroit 5
BOTTOM OF THE 6TH
Detroit Tigers batting - Pitching for Minnesota Twins : RHP Riley Pooley
Batting: LHB Brad Turner 0-0: Fly out, F8 (Flyball, 8LXD, EV 88.1 MPH)
Batting: RHB Adrian Novakovic 0-0: Called Strike
0-1: SINGLE (Groundball, 6S, EV 71.3 MPH) (infield hit)
Batting: RHB Greg Harman 0-0: Swinging Strike
0-1: Ball
1-1: Ball
2-1: Ball
3-1: Foul Ball, location: 2F
3-2: Fly out, F8 (Flyball, 8LM, EV 83.8 MPH)
Batting: LHB Jordan Villa 0-0: Ball
1-0: Ball
2-0: Called Strike
2-1: Foul Ball, location: 2F
2-2: Strikes out swinging
Bottom of the 6th over - 0 runs, 1 hit, 0 errors, 1 left on base; Minnesota 0 - Detroit 5
TOP OF THE 7TH
Minnesota Twins batting - Pitching for Detroit Tigers : LHP Momosuke Sato
Batting: RHB Matthew Starr 0-0: Called Strike
0-1: Ball
1-1: Fly out, F9 (Flyball, 89M, EV 94.4 MPH)
Batting: LHB Sadamu Noguchi 0-0: Foul Ball, location: 2F
0-1: Fly out, F7 (Flyball, 78D, EV 89.4 MPH)
Batting: RHB José Molina 0-0: Called Strike
0-1: Foul Ball, location: 2F
0-2: Foul Ball, location: 2F
0-2: Strikes out swinging
Top of the 7th over - 0 runs, 0 hits, 0 errors, 0 left on base; Minnesota 0 - Detroit 5
BOTTOM OF THE 7TH
Detroit Tigers batting - Pitching for Minnesota Twins : RHP Riley Pooley
Batting: RHB Randy Shrewsbury 0-0: Ball
1-0: TRIPLE (Groundball, 3L, EV 102.5 MPH)
Batting: LHB Tyler Davis 0-0: Foul Ball, location: 2F
0-1: Called Strike
0-2: Fly out, F9 (Flyball, 9LM, EV 99.4 MPH)
Runner from 3rd tags up, SCORES, no throw by RF
Batting: RHB Ryan Neal 0-0: Ball
1-0: Ball
2-0: Foul Ball, location: 2F
2-1: Ball
3-1: Foul Ball, location: 2F
3-2: Ground out 5-3 (Groundball, 56, EV 86.3 MPH)
Batting: RHB Victor Quinones 0-0: TRIPLE (Flyball, 78XD, EV 96.3 MPH)
Batting: RHB Luke Feeney 0-0: Ball
1-0: Foul Ball, location: 2F
1-1: Called Strike
1-2: Ball
2-2: 2-RUN HOME RUN (Flyball, 9D, EV 98.8 MPH), Distance : 380 ft
Pitching: RHP T.J. Hirst
Batting: LHB Brad Turner 0-0: Foul Ball, location: 2F
0-1: Ball
1-1: Foul Ball, location: 2F
1-2: SINGLE (Line Drive, 56D, EV 104.4 MPH)
Batting: RHB Adrian Novakovic 0-0: Called Strike
0-1: Ball
1-1: Swinging Strike
1-2: Strikes out swinging
Bottom of the 7th over - 3 runs, 4 hits, 0 errors, 1 left on base; Minnesota 0 - Detroit 8
TOP OF THE 8TH
Minnesota Twins batting - Pitching for Detroit Tigers : LHP Momosuke Sato
Batting: RHB Väinö Tapaninen 0-0: Foul Ball, location: 2F
0-1: Called Strike
0-2: Fly out, F9 (Line Drive, 9D, EV 96.9 MPH)
Batting: RHB Josh Zoglmann 0-0: Called Strike
0-1: Foul Ball, location: 2F
0-2: Ball
1-2: Strikes out looking
Batting: RHB Jesse Scott 0-0: Ball
1-0: Called Strike
1-1: Ball
2-1: Ground out 4-3 (Groundball, 4, EV 91.3 MPH)
Top of the 8th over - 0 runs, 0 hits, 0 errors, 0 left on base; Minnesota 0 - Detroit 8
BOTTOM OF THE 8TH
Detroit Tigers batting - Pitching for Minnesota Twins : RHP T.J. Hirst
Pinch Hitting: RHB Chris Wheatley 0-0: Ball
1-0: Swinging Strike
1-1: Called Strike
1-2: Strikes out looking
Batting: LHB Jordan Villa 0-0: Ball
1-0: Ball
2-0: Foul Ball, location: 2F
2-1: Swinging Strike
2-2: Ball
3-2: Base on Balls
Batting: RHB Randy Shrewsbury 0-0: Ball
Wild Pitch!
Jordan Villa to second
1-0: Ball
2-0: Fly out, F9 (Line Drive, 9, EV 89.4 MPH)
Batting: LHB Tyler Davis 0-0: Ball
1-0: Ball
2-0: Ball
3-0: Base on Balls
Batting: RHB Ryan Neal 0-0: Ball
1-0: Ball
2-0: Called Strike
2-1: Ball
3-1: Base on Balls
Jordan Villa to third
Tyler Davis to second
Batting: RHB Victor Quinones 0-0: Ball
1-0: Ball
2-0: Foul Ball, location: 2F
2-1: Ball
3-1: Fly out, F7 (Flyball, 7D, EV 89.4 MPH)
Bottom of the 8th over - 0 runs, 0 hits, 0 errors, 3 left on base; Minnesota 0 - Detroit 8
TOP OF THE 9TH
Minnesota Twins batting - Pitching for Detroit Tigers : LHP Momosuke Sato
Now at 1B: Chris Wheatley
Batting: RHB Yonetoshi Muranaka 0-0: Called Strike
0-1: Ball
1-1: Ball
2-1: Ground out 6-3 (Groundball, 6S, EV 63.1 MPH)
Batting: LHB Joel Kunkler 0-0: Ball
1-0: Ball
2-0: Ball
3-0: Called Strike
3-1: Base on Balls
Batting: RHB Jesus Chavez 0-0: Called Strike
0-1: Swinging Strike
0-2: Grounds into double play, 4-6-3 (Groundball, 4MD, EV 84.4 MPH)
Top of the 9th over - 0 runs, 0 hits, 0 errors, 0 left on base; Minnesota 0 - Detroit 8
Thursday, March 31st , 2022 - OOTP Baseball 22.12 Build 89